 Dungeon Crawl Stone Soup version 0.18.1-5-g4a78601 (webtiles) character file.

12 inmateoo the Scratcher (level 2, -2/12 HPs)
             Began as a Felid Transmuter on May 10, 2016.
             Slain by an adder (5 damage)
             ... on level 2 of the Dungeon.
             The game lasted 00:00:46 (1000 turns).

inmateoo the Scratcher (Felid Transmuter)           Turns: 1000, Time: 00:00:48

Health: -2/12      AC:  1    Str:  6    XL:     2   Next: 20%
Magic:  6/6        EV: 13    Int: 14    God:
Gold:   65         SH:  0    Dex: 16    Spells: 1 memorised, 4 levels left
                                        Lives:  0   Deaths: 0

rFire  . . .     SeeInvis +       - Unarmed
rCold  . . .     Gourm    .     (armour unavailable)
rNeg   . . .     Faith    .     (shield unavailable)
rPois  .         Spirit   .     (helmet unavailable)
rElec  .         Dismiss  .     (cloak unavailable)
rCorr  .         Reflect  .     (gloves unavailable)
SustAt .         Harm     .     (boots unavailable)
MR     .....                    (no amulet)
Stlth  ++........               (no ring)
                                (no ring)

@: quick, not resistant to hostile enchantments, unstealthy
A: no armour, no weapons or thrown items, claws 1, fangs 3, see invisible,
carnivore 3, speed 1, shaggy fur 1, slow metabolism 1, sharp paws
a: no special abilities


You were on level 2 of the Dungeon.
You were completely stuffed.

You visited 1 branch of the dungeon, and saw 2 of its levels.

You collected 65 gold pieces.

Inventory:

Missiles
 a - 25 arrows
Jewellery
 h - an uncursed ring of fire
Scrolls
 d - a scroll of remove curse {unknown}
 f - 2 scrolls of identify {unknown}
 g - a scroll of immolation {unknown}
 i - a scroll of teleportation {unknown}
 j - a scroll of enchant armour {unknown}
Potions
 e - 2 potions of curing {unknown}
 k - a potion of brilliance {unknown}
Books
 b - a book of Changes

   Spells                             Type                      Level
   a - Beastly Appendage              Transmutation                1
   b - Sticks to Snakes               Transmutation                2
   c - Spider Form                    Transmutation/Poison         3
   d - Ice Form                       Ice/Transmutation            4
   e - Blade Hands                    Transmutation                5
Comestibles
 c - a meat ration


   Skills:
 + Level 1.2 Fighting
 + Level 2.6 Dodging
 * Level 1.1 Stealth
 + Level 3.1 Unarmed Combat
 + Level 2.3 Spellcasting
 + Level 2.2 Transmutations


You had 4 spell levels left.
You knew the following spells:

 Your Spells              Type           Power        Failure   Level  Hunger
a - Beastly Appendage     Trmt           #.....       12%         1    #......


Dungeon Overview and Level Annotations

Branches:
Dungeon (2/15)

Altars:


Innate Abilities, Weirdness & Mutations

You cannot wear armour.
You are incapable of wielding weapons or throwing items.
You have sharp claws.
You have razor-sharp teeth.
You have supernaturally acute eyesight.
You are carnivorous and can eat meat at any time.
You cover ground quickly.
You are covered in fur (AC +1).
You have a slow metabolism.
Your sharp claws are effective at attacking unaware monsters.


Message History

You see here a buckler.
The adder closely misses you. x2
You scratch the adder.
The adder is lightly wounded.
The adder bites you.
You scratch the adder. Your claw misses the adder.
You bite the adder, but do no damage.
The adder is moderately wounded.
The adder bites you.
* * * LOW HITPOINT WARNING * * *
You are too injured to fight recklessly!
Unknown command.
You see here a buckler.
There is a stone staircase leading up here.
The adder misses you.
A ball python comes into view.
A ball python comes into view.
There is a stone staircase leading up here.
The adder bites you.
You die...

#.........#
####........#
...........### #
#.#?........#.#
#.S........#.#
#.#..####....#
#.#.S#####.#.#
###....S...#.# #
.........@....#
.###.###[########
#. #.......... #
###.####### #.#
#.. #..# #..#
#..>


You could see an adder and 2 ball pythons.

Vanquished Creatures
  A giant cockroach (D:1)
  3 goblins (D:1)
  2 hobgoblins (D:1)
  3 bats (D:1)
  3 rats (D:1)
12 creatures vanquished.

Notes
Turn   | Place    | Note
--------------------------------------------------------------
     0 | D:1      | inmateoo the Felid Transmuter began the quest for the Orb.
     0 | D:1      | Reached XP level 1. HP: 9/9 MP: 4/4
   486 | D:1      | Reached XP level 2. HP: 11/12 MP: 6/6
   632 | D:1      | Reached skill level 1 in Stealth
  1000 | D:2      | Slain by an adder

Skill      XL: |  1  2 |
---------------+-------+-----
Stealth        | 1 |  1.1
Fighting       | |  1.2
Dodging        | |  2.6
Unarmed Combat | |  3.1
Spellcasting   | |  2.3
Transmutations | |  2.2

Action                   || total
-------------------------++-------
Melee: Unarmed           ||    23
       Bite              ||     3
 Stab: Sleeping          ||     5
  Eat: Chunk             ||     7
Armor: Skin              ||     2
Dodge: Dodged            ||    12
